Map: Mech Depot LE

Players

Bones

  • Race: Protoss Protoss
  • Spawn Location: 7:00

TheoRy - Winner!

  • Race: Protoss Protoss
  • Spawn Location: 1:00

Event: WCS Montreal 2017

VOD

Have the link to the VOD?

Description

Time

  • Played on: Sept. 8, 2017, 11:59 a.m.
  • Length: 4:53

All games in this series

Show
View Real Time Build Order
Export as new Build Order

Bones Protoss 

Build Orders: Phoenix Opening 

Get SALT Encoding   

  12  0:01  Probe (Chrono Boost)  
  13  0:11  Probe (Chrono Boost)  
  14  0:18  Pylon  
  14  0:22  Probe (Chrono Boost)  
  15  0:36  Gateway  
  15  0:37  Probe (Chrono Boost)  
  16  0:47  Probe (Chrono Boost)  
  16  0:48  Assimilator  
  17  0:52  Assimilator  
  17  0:58  Probe (Chrono Boost)  
  18  1:08  Probe (Chrono Boost)  
  19  1:19  Probe (Chrono Boost)  
  19  1:23  Cybernetics Core  
  20  1:29  Probe (Chrono Boost)  
  21  1:37  Pylon  
  22  1:40  Probe (Chrono Boost)  
  22  1:50  Probe (Chrono Boost)  
  23  2:00  Stalker  
  23  2:01  Warp Gate (Chrono Boost)  
  25  2:02  Mothership Core (Chrono Boost)  
  27  2:12  Pylon  
  27  2:22  Stargate  
  27  2:25  Probe (Chrono Boost)  
  28  2:31  Stalker  
  28  2:36  Gateway  
  30  2:45  Probe (Chrono Boost)  
  30  2:46  Pylon  
  31  2:56  Probe  
  32  3:07  Phoenix (Chrono Boost)  
  32  3:09  Probe  
  35  3:26  Robotics Facility  
  35  3:30  Phoenix (Chrono Boost)  
  37  3:38  Pylon  
  34  3:59  Phoenix (Chrono Boost)  
  36  4:06  Stalker  
  36  4:07  Stalker  
  40  4:19  Pylon  
Show
View Real Time Build Order
Export as new Build Order

TheoRy Protoss - Winner!

Build Orders:  

Get SALT Encoding   

  12  0:01  Probe (Chrono Boost)  
  13  0:11  Probe (Chrono Boost)  
  14  0:18  Pylon  
  14  0:22  Probe (Chrono Boost)  
  15  0:36  Probe (Chrono Boost)  
  15  0:37  Gateway  
  16  0:47  Probe (Chrono Boost)  
  16  0:48  Assimilator  
  17  0:52  Assimilator  
  17  0:57  Probe (Chrono Boost)  
  18  1:08  Probe (Chrono Boost)  
  19  1:18  Probe (Chrono Boost)  
  19  1:23  Cybernetics Core  
  20  1:34  Gateway  
  20  1:37  Pylon  
  20  1:41  Probe (Chrono Boost)  
  21  1:52  Probe (Chrono Boost)  
  22  2:00  Warp Gate (Chrono Boost)  
  22  2:01  Stalker  
  24  2:04  Probe  
  25  2:15  Pylon  
  25  2:16  Probe  
  26  2:23  Stalker  
  28  2:30  Pylon  
  28  2:37  Stalker  
  30  2:50  Gateway  
  29  2:56  Gateway  
  29  3:06  Stalker  
  31  3:15  Mothership Core  
  33  3:36  Probe  
  34  3:48  Stalker x3  
  37  3:57  Probe  
  37  3:58  Stalker  
  37  4:02  Pylon  
  40  4:12  Stalker  
  40  4:14  Stalker  
  44  4:17  Sentry  
  46  4:27  Stalker  
  44  4:34  Stalker  
  42  4:41  Stalker  
Tags
 
Add a new tag
Caveats
  • Supply blocks, unpowered buildings, or Contaminate may cause inaccurate times.
  • Supply counts are checked every 10 seconds.